 Dungeon Crawl Stone Soup version 0.22-a0-539-gfbd9004e3f (webtiles) character file.

117 JackS81 the Cudgeler (level 4, -9/78 HPs)
             Began as a Demonspawn Monk on June 24, 2018.
             Killed from afar by a white imp (16 damage)
             ... with a puff of frost
             ... summoned by Eustachio
             ... on level 4 of the Dungeon.
             The game lasted 00:07:13 (2538 turns).

JackS81 the Cudgeler (Demonspawn Monk)              Turns: 2538, Time: 00:07:14

Health: -9/78      AC: 22    Str: 15 (16) XL:     4   Next: 71%
Magic:  4/4        EV:  2    Int:  9 (12) God:
Gold:   86         SH:  0    Dex: 14 (16) Spells: 3/3 levels left

rFire    + . .     SeeInvis .   r - +0 morningstar
rCold    x . .     Gourm    .   (no shield)
rNeg     + + +     Faith    .   (armour currently unavailable)
rPois    +         Spirit   .   (helmet currently unavailable)
rElec    .         Reflect  .   (cloak currently unavailable)
rCorr    +         Harm     .   (gloves currently unavailable)
MR       .....     NoTele   +   (boots currently unavailable)
Stlth    ..........             (no amulet)
HPRegen  0.23/turn              q - ring of resist corrosion
MPRegen  0.09/turn              s - ring of fire

@: berserking, tree-form, very quick
A: no striking features
a: no special abilities


You were on level 4 of the Dungeon.
You were not hungry.
You were a tree.
You visited 1 branch of the dungeon, and saw 4 of its levels.

You collected 86 gold pieces.

Inventory:

Hand Weapons
 a - a +0 mace
 r - a +0 morningstar (weapon)
Missiles
 i - 93 stones (quivered)
 j - 44 arrows
 p - 20 bolts
Armour
 b - a +0 robe (melded)
Jewellery
 q - a ring of resist corrosion (left branch)
 s - a ring of fire (right branch)
Scrolls
 d - a scroll of magic mapping {unknown}
 e - a scroll of remove curse {unknown}
 h - a scroll of fear {unknown}
 l - a scroll of enchant armour {unknown}
 o - 2 scrolls of identify {unknown}
 t - a scroll of blinking {unknown}
Potions
 n - a potion of haste {unknown}
 u - a potion of mutation {unknown}
Comestibles
 c - 7 rations
 f - a chunk of flesh


   Skills:
 - Level 3.0 Fighting
 * Level 4.2 Maces & Flails
 * Level 3.7 Dodging
 - Level 1.7 Stealth


You had 3 spell levels left.
You didn't know any spells.
Your spell library was empty.

Dungeon Overview and Level Annotations

Branches:
Dungeon (4/15)
 Temple: D:4-7

Altars:
Dithmenos
Uskayaw
Vehumet

Shops:
D:4 }

Annotations:
D:2 2 transporters
D:4 Eustachio


Innate Abilities, Weirdness & Mutations

((You are mostly covered in sharp spines.))


Message History

The white imp disappears in a puff of smoke!
The white imp gestures at you.
Helpless, you fail to dodge the puff of frost.
You puncture Eustachio!
Eustachio is moderately wounded.
Eustachio mumbles some strange words.
Eustachio blinks!
You closely miss Eustachio.
Eustachio is moderately wounded.
The white imp hits you but does no damage.
Eustachio hits you but does no damage.
You miss Eustachio.
Eustachio is moderately wounded.
The white imp hits you but does no damage.
Eustachio hits you but does no damage.
You barely miss Eustachio.
Eustachio is moderately wounded.
The white imp gestures at you. The puff of frost hits you!
You feel a terrible chill!
You die...

........# #.##
........# #...
#######.# ###.
#######.#######
#.
#.........?...#
#.
#.#####.#######
#######. #b#
#....... #@#
#.#####. #♣#
### #5# #.. #b#
#.# #b# #.# #b#
##.# #.#
#####... #.#
#....... #.#
####... ##.#


You could see Eustachio, a white imp and 4 bats.

Vanquished Creatures
  3 adders
  An ooze (D:1)
  A worm (D:3)
  2 dart slugs (D:1)
  2 leopard geckos
  7 orcs (D:3)
  3 giant cockroaches
  5 goblins
  4 hobgoblins
  9 jackals
  2 quokkas
  2 bats
  6 frilled lizards
  9 kobolds
  A leopard gecko skeleton (D:4)
  12 rats
69 creatures vanquished.

Notes
Turn   | Place    | Note
-------+----------+-------------------------------------------
     0 | D:1      | JackS81 the Demonspawn Monk began the quest for the Orb.
     0 | D:1      | Reached XP level 1. HP: 18/18 MP: 1/1
    62 | D:1      | Reached skill level 3 in Maces & Flails
    66 | D:1      | Gained mutation: You are partially covered in sharp spines. [demonic ancestry]
    66 | D:1      | Reached XP level 2. HP: 21/24 MP: 2/2
   402 | D:1      | Gained mutation: You are mostly covered in sharp spines. [demonic ancestry]
   402 | D:1      | Reached XP level 3. HP: 27/29 MP: 3/3
   887 | D:2      | Found a transporter.
   892 | D:2      | Noticed a bullfrog
   892 | D:2      | Noticed a two-headed ogre
   925 | D:2      | Found a hide-covered altar of Uskayaw.
   927 | D:2      | Found a shadowy altar of Dithmenos.
   942 | D:2      | Found a transporter.
  1123 | D:2      | Found a radiant altar of Vehumet.
  1247 | D:2      | Reached XP level 4. HP: 32/35 MP: 4/4
  1892 | D:3      | Reached skill level 4 in Maces & Flails
  2329 | D:4      | Found Voido's Gadget Shoppe.
  2509 | D:4      | Noticed Eustachio
  2538 | D:4      | Killed from afar by a white imp

Vault maps used:
D:1:      kennysheep_arrival_forest
D:2:      gammafunk_temple_overflow_arena, vehumet_crystals, serial_glass,
          glass_columns_c, glass_columns_a
D:3:      uniq_crazy_yiuf_cottage
D:4:      temple_hall, serial_shops, shop, minmay_lizard_king, uniq_eustachio,
          uniq_edmund

Skill      XL: |  1  2  3  4 |
---------------+-------------+-----
Maces & Flails | 3 4 |  4.2
Dodging        | 3 |  3.7
Fighting       | |  3.0
Stealth        | |  1.7

Action                   |  1- 3 |  4- 6 || total
-------------------------+-------+-------++-------
Melee: Mace              |    83 |    12 ||    95
       Morningstar       |       |    52 ||    52
Throw: Stone             |     4 |     3 ||     7
  Use: Potion            |       |     3 ||     3
 Stab: Sleeping          |     4 |     2 ||     6
  Eat: Chunk             |     1 |     4 ||     5
Armor: Robe              |     8 |     1 ||     9
       Skin              |       |     6 ||     6
Dodge: Dodged            |    49 |    33 ||    82

Table legend:
 A = Spawn XP
 B = Non-spawn XP
 C = Spawn XP percentage of total XP
 D = Spawn monster count
 E = Non-spawn monster count
 F = Spawn count percentage of total count
 G = Total turns spent on level
                    A         B        C        D         E        F      G
               +---------+---------+-------+---------+---------+-------+---------
         Total |       0 |     168 |   0.0 |       0 |      69 |   0.0 |  2538
               +---------+---------+-------+---------+---------+-------+---------
           D:1 |       0 |      49 |   0.0 |       0 |      24 |   0.0 |   786
           D:2 |       0 |      55 |   0.0 |       0 |      21 |   0.0 |   935
           D:3 |       0 |      55 |   0.0 |       0 |      19 |   0.0 |   598
           D:4 |       0 |       9 |   0.0 |       0 |       5 |   0.0 |   219
               +---------+---------+-------+---------+---------+-------+---------
